 Dungeon Crawl Stone Soup version 0.20-a0-151-g755e310 (webtiles) character file.

115 Karnivor the Firebug (level 5, -6/28 HPs)
             Began as a Gargoyle Fire Elementalist on Nov 22, 2016.
             Mangled by kazak's ghost (16 damage)
             ... on level 3 of the Dungeon.
             The game lasted 00:13:03 (3786 turns).

Karnivor the Firebug (Gargoyle Fire Elementalist)   Turns: 3786, Time: 00:13:03

Health: -6/28      AC:  7    Str: 11    XL:     5   Next: 0%
Magic:  8/9        EV: 12    Int: 17    God:
Gold:   161        SH:  5    Dex: 10    Spells: 2/10 levels left

rFire  . . .     SeeInvis .     j - +1 mace
rCold  . . .     Gourm    .     a - +1 robe
rNeg   + . .     Faith    .     (no shield)
rPois  ∞         Spirit   .     (no helmet)
rElec  +         Reflect  +     (no cloak)
rCorr  .         Harm     .     (no gloves)
MR     .....                    (no boots)
Stlth  ++........               k - +5 amulet of reflection
                                m - ring of flight
                                (no ring)

@: no status effects
A: negative energy resistance 1, electricity resistance, unbreathing,
petrification resistance, rot immunity, AC +4
a: Evoke Flight


You were on level 3 of the Dungeon.
You were hungry.

You visited 1 branch of the dungeon, and saw 4 of its levels.

You collected 161 gold pieces.

Inventory:

Hand Weapons
 j - a +1 mace (weapon)
Armour
 a - a +1 robe (worn)
 o - a +0 shield
Jewellery
 e - an uncursed amulet of regeneration
 k - a +5 amulet of reflection (around neck)
 m - a ring of flight (right hand)
Scrolls
 n - a scroll of amnesia
Potions
 d - 2 potions of agility
 i - a potion of mutation
 l - 2 potions of lignification
 p - a potion of might
 q - a potion of flight {unknown}
 r - a potion of heal wounds {unknown}
Books
 b - a book of Flames

   Spells                             Type                      Level
   a - Flame Tongue                   Conjuration/Fire             1
   b - Throw Flame                    Conjuration/Fire             2
   c - Conjure Flame                  Conjuration/Fire             3
   d - Inner Flame                    Hexes/Fire                   3
   e - Sticky Flame                   Conjuration/Fire             4
   f - Fireball                       Conjuration/Fire             5
Comestibles
 c - 3 bread rations
 g - 4 fruits


   Skills:
 - Level 1.5 Dodging
 - Level 2.1 Stealth
 + Level 3.1 Spellcasting
 + Level 2.6 Conjurations
 + Level 4.0 Fire Magic


You had 2 spell levels left.
You knew the following spells:

 Your Spells              Type           Power        Failure   Level  Hunger
a - Flame Tongue          Conj/Fire      ##...        4%          1    None
b - Conjure Flame         Conj/Fire      ##......     14%         3    ###....
c - Sticky Flame          Conj/Fire      ##......     45%         4    ####...


Dungeon Overview and Level Annotations

Branches:
Dungeon (4/15)
 Temple: D:4-7

Altars:
Hepliaklqana

Annotations:
D:3 kazak's ghost, novice HOGl
D:4 bande's ghost, novice HOFi


Innate Abilities, Weirdness & Mutations

You are resistant to torment.
Your stone body is resilient. (AC +4)
You are immune to poison.
You resist negative energy. (rN+)
You are resistant to electric shocks. (rElec)
You can survive without breathing.
You are immune to petrification.
You are immune to rotting.


Message History

You can't see any susceptible monsters within range! (Use Z to cast anyway.)
Casting: Flame Tongue
Confirm with . or Enter, or press ? or * to list all spells.
You can't see any susceptible monsters within range! (Use Z to cast anyway.) Bande's ghost hits you but does no damage.
Bande's ghost closely misses you.
Casting: Flame Tongue
Confirm with . or Enter, or press ? or * to list all spells.
Aiming: Flame Tongue
Press: ? - help, Shift-Dir - straight line, f - bande's ghost
Aim: bande's ghost The flame tongue hits bande's ghost.
Bande's ghost appears unharmed.
Bande's ghost hits you!
There is a stone staircase leading up here.
Bande's ghost hits you but does no damage.
You climb upwards.
Level annotation: kazak's ghost, novice HOGl Kazak's ghost hits you!
Ouch! That really hurt!
You die...

.#..).#.....####............#
.....)..#...................##
.#.....##.#.####.............#
..........#.# #.............#
.........##.####........)....#
.........##.......>.........##
...........................##
.#..##.....#..........##...#
.##.####.......W@.....##...#
.##.## ###............##...#
###..# ##............#.#.#
.....## #.####.......#.#.#
......#####.####...>...#.#.#
..##..................##...#
.####.....##..........##.#.###
........#..#..##.......#.#...#
..............##.......#.###.#


You could see kazak's ghost.

Vanquished Creatures
  3 adders
  An ooze (D:3)
  2 dart slugs (D:1)
  6 leopard geckos
  7 orcs (D:3)
  4 giant cockroaches
  5 goblins
  7 hobgoblins
  3 jackals
  A quokka (D:3)
  A ball python (D:3)
  4 bats
  5 frilled lizards
  8 kobolds
  9 rats
66 creatures vanquished.

Vanquished Creatures (others)
  2 goblins
2 creatures vanquished.

Grand Total: 68 creatures vanquished

Notes
Turn   | Place    | Note
-------+----------+-------------------------------------------
     0 | D:1      | Karnivor the Gargoyle Fire Elementalist began the quest for the Orb.
     0 | D:1      | Reached XP level 1. HP: 10/10 MP: 3/3
   319 | D:1      | Reached XP level 2. HP: 11/15 MP: 5/5
   861 | D:1      | Reached XP level 3. HP: 11/19 MP: 6/6
   985 | D:1      | Learned a level 3 spell: Conjure Flame
  2258 | D:2      | Reached XP level 4. HP: 23/24 MP: 5/8
  2409 | D:2      | Found a hazy altar of Hepliaklqana.
  2555 | D:3      | Reached skill level 4 in Fire Magic
  2686 | D:3      | Learned a level 4 spell: Sticky Flame
  3282 | D:3      | Noticed kazak's ghost (novice HOGl)
  3523 | D:3      | Reached XP level 5. HP: 28/28 MP: 9/9
  3761 | D:4      | Noticed bande's ghost (novice HOFi)
  3786 | D:3      | Mangled by kazak's ghost

Vault maps used:
D:1:      dpeg_arrival_brainrot
D:2:      lemuel_coloured_pillars_altar
D:3:      lemuel_flame_loot_1
D:4:      gup_sewer_entry_spiral, serial_shops, nicolae_shop_waterfront, shop,
          uniq_natasha, uniq_sigmund

Skill      XL: |  1  2  3  4 |
---------------+-------------+-----
Conjurations   | 2 |  2.6
Fire Magic     | 4 |  4.0
Spellcasting   | 3 |  3.1
Dodging        | |  1.5
Stealth        | |  2.1

Action                   |  1- 3 |  4- 6 || total
-------------------------+-------+-------++-------
Melee: Dagger            |    16 |       ||    16
       Unarmed           |    10 |       ||    10
       Mace              |    91 |    93 ||   184
 Cast: Flame Tongue      |    17 |    15 ||    32
       Sticky Flame      |       |     1 ||     1
  Use: Scroll            |     3 |     7 ||    10
 Stab: Sleeping          |     2 |     2 ||     4
  Eat: Chunk             |     4 |     5 ||     9
Armor: Robe              |    40 |    34 ||    74
Dodge: Dodged            |   110 |    75 ||   185
Block: Other             |    22 |    32 ||    54
       Reflection        |     3 |       ||     3
